 Dungeon Crawl Stone Soup version 0.29-a0-334-gb41bcbb86e (webtiles) character file.

Game seed: 6219603424707387018

173 ImHallYall the Cutter (level 5, -12/44 HPs)
             Began as a Ghoul Gladiator on Apr 13, 2022.
             Mangled by an ogre
             ... wielding a +0 giant club
              (25 damage)
             ... on level 5 of the Dungeon.
             The game lasted 00:10:31 (3263 turns).

ImHallYall the Cutter (Ghoul Gladiator)             Turns: 3263, Time: 00:10:32

Health: -12/44     AC:  2    Str: 20    XL:     5   Next: 53%
Magic:  4/4        EV: 12    Int:  3    God:
Gold:   151        SH:  0    Dex: 10    Spells: 3/4 levels left

rFire   . . .      SeeInvis .   a - +0 rapier
rCold   + . .      Faith    .   (no shield)
rNeg    + + +      Spirit   .   (no body armour)
rPois   ∞          Reflect  .   c - +0 helmet
rElec   .          Harm     .   (no cloak)
rCorr   .          Rampage  .   h - +0 pair of gloves
Will    .....                   (no boots)
Stlth   +.........              (no amulet)
HPRegen 0.00/turn               (no ring)
MPRegen 0.09/turn               (no ring)

@: inhibited regen
A: claws 1, cold resistance 1, negative energy resistance 3, inhibited
regeneration, torment resistance 2, devour on kill
a: no special abilities


You were on level 5 of the Dungeon.
You visited 1 branch of the dungeon, and saw 5 of its levels.

You collected 151 gold pieces.

Inventory:

Hand Weapons
 a - a +0 rapier (weapon)
Missiles
 d - 3 throwing nets (quivered)
 e - 6 javelins
 i - 5 boomerangs of dispersal
Armour
 b - a +0 leather armour
 c - a +0 helmet (worn)
 g - a +0 ring mail
 h - a +0 pair of gloves (worn)
 j - a +0 plate armour
 k - a +0 scale mail
 n - a +0 robe
Wands
 p - a wand of iceblast (4)
Scrolls
 q - 2 scrolls of identify
Potions
 f - 2 potions of heal wounds
 l - a potion of curing {unknown}
 m - 2 potions of haste {unknown}
 o - a potion of cancellation {unknown}
 r - a potion of attraction {unknown}
 s - a potion of berserk rage {unknown}


   Skills:
 + Level 2.9 Fighting
 + Level 4.2 Short Blades
 + Level 1.8 Throwing
 + Level 1.8 Armour
 + Level 3.3 Dodging
 + Level 0.4 Stealth


You had 3 spell levels left.
You knew the following spells:

 Your Spells              Type           Power      Damage    Failure   Level
a - Apportation           Tloc           0%         N/A       52%         1

Your spell library contained the following spells:

 Spells                   Type           Power      Damage    Failure   Level
 Static Discharge         Conj/Air       0%         N/A       67%         2
 Alistair's Intoxication  Tmut/Pois      0%         N/A       100%        5
 Lightning Bolt           Conj/Air       0%         1d11      100%        5
 Maxwell's Capacitive Co  Air            0%         ∞         100%        8


Dungeon Overview and Level Annotations

Branches:
Dungeon (5/15)
 Temple: D:4-7

Altars:
Xom

Shops:
D:2 [


Innate Abilities, Weirdness & Mutations

You are immune to poison.
You have sharp fingernails.
Your flesh is cold resistant. (rC+)
You are immune to negative energy. (rN+++)
You do not regenerate when monsters are visible.
You are immune to unholy pain and torment.
You thrive by killing the living.


Message History

The kobold throws a stone.
The stone barely misses you.
The stone hits the ogre.
The ogre barely misses you.
You continue taking off your +0 robe.
The kobold throws a stone.
The stone hits you.
You finish taking off your +0 robe.
The ogre attacks as you move away! The ogre closely misses you.
The kobold hits you with a +0 club. The ogre closely misses you.
The ogre attacks as you move away! The ogre closely misses you.
The kobold attacks as you move away! The kobold barely misses you.
There is an escape hatch in the floor here.
The kobold hits you with a +0 club. The ogre barely misses you.
You slide downwards.
The hatch slams shut behind you.
The orc shouts!
You hear a shout!
Found three items.
There are monsters nearby!
There are monsters nearby!
There are monsters nearby!
There are monsters nearby!
The orc priest shouts!
You hit the kobold but do no damage. The kobold hits you with a +0 club.
An orc wizard comes into view. It is wielding a +0 dagger.
You hit the kobold. You punch the kobold, but do no damage.
The kobold is severely wounded.
The ogre completely misses you. The kobold hits you but does no damage.
The orc priest miscasts a cantrip.
You hit the kobold but do no damage.
The kobold is severely wounded.
The kobold hits you with a +0 club. The ogre misses you.
You hit the kobold.
You kill the kobold!
The ogre attacks as you move away!
The ogre hits you with a +0 giant club!!
* * * LOW HITPOINT WARNING * * *
Things that are here:
a +0 club; 2 stones The ogre attacks as you move away!
The ogre hits you with a +0 giant club!!
Ouch! That really hurt!
You die...

# #. #!###
#.... #....
#./..#########
#..@O.oooo..
#.########## #


You could see an ogre, an orc priest, an orc wizard and 2 orcs.

Vanquished Creatures
  2 jellies (D:2)
  4 adders
  8 ball pythons
  10 endoplasms
  A giant cockroach (D:3)
  6 goblins
  6 hobgoblins
  4 jackals (D:3)
  A quokka (D:2)
  6 bats
  3 frilled lizards
  10 kobolds
  10 rats
71 creatures vanquished.

Vanquished Creatures (others)
  8 fungi (D:2)
  9 toadstools (D:2)
  6 withered plants (D:3)
23 creatures vanquished.

Grand Total: 94 creatures vanquished

Notes
Turn   | Place    | Note
-------+----------+-------------------------------------------
     0 | D:1      | ImHallYall the Ghoul Gladiator began the quest for the Orb.
     0 | D:1      | Reached XP level 1. HP: 17/17 MP: 0/0
   161 | D:1      | Reached skill level 3 in Short Blades
   161 | D:1      | Reached XP level 2. HP: 21/24 MP: 1/1
   747 | D:1      | Reached XP level 3. HP: 30/30 MP: 2/2
   768 | D:2      | Found Yfepisum's Armour Emporium.
  1412 | D:2      | Reached skill level 1 in Armour
  1589 | D:2      | Reached XP level 4. HP: 37/37 MP: 3/3
  2086 | D:2      | Reached XP level 5. HP: 31/42 MP: 4/4
  2112 | D:2      | Reached skill level 4 in Short Blades
  2812 | D:3      | Learned a level 1 spell: Apportation
  3158 | D:3      | Found a shimmering altar of Xom.
  3179 | D:3      | Found a faded altar of an unknown god.
  3241 | D:3      | You fall into a shaft and drop 1 floor!
  3241 | D:4      | Noticed an ogre
  3257 | D:5      | Entered Level 5 of the Dungeon
  3263 | D:5      | Mangled by an ogre

Illustrated notes

Levels and vault maps discovered:
D:1:      saegor_arrival_simple_b, layout_basic, serial_shops,
          nicolae_shop_window_shopping
D:2:      cheibrodos_fertilizer, layout_basic, serial_shops,
          nicolae_shop_behind_doors
D:3:      layout_basic, mainiacjoe_overflow_catwalk,
          ebering_ecumenical_altar_petrified, grunt_ministairs_12,
          minmay_ruptured
D:4:      layout_basic, nemelex_diamond_rough_becter,
          minmay_temple_entry_enclosed_plants, uniq_grinder
D:5:      layout_basic, bloody_trog

Skill      XL: |  1  2  3  4  5 |
---------------+----------------+-----
Short Blades   | 3 4 |  4.2
Dodging        | 3 |  3.3
Armour         | 1 |  1.8
Fighting       | |  2.9
Throwing       | |  1.8
Stealth        | |  0.4

Action                   |  1- 3 |  4- 6 || total
-------------------------+-------+-------++-------
Melee: Rapier            |   129 |   103 ||   232
       Punch             |     1 |     4 ||     5
 Cast: Apportation       |       |     2 ||     2
  Use: Scroll            |     2 |     1 ||     3
       Potion            |       |     2 ||     2
Armor: Ring mail         |    26 |       ||    26
       Scale mail        |    48 |    24 ||    72
       Plate armour      |       |    20 ||    20
       Robe              |       |    12 ||    12
       Skin              |       |     1 ||     1
Dodge: Dodged            |    98 |    67 ||   165

Table legend: (Time is in decaauts)
 A = Elapsed time spent in this place.
 B = Non-inter-level travel time spent in this place.
 C = Inter-level travel time spent in this place.
 D = Time resting spent in this place.
 E = Time spent auto-exploring this place.
 F = Levels seen in this place.
 G = Mean time per level.
                   A        B        C        D        E       F      G
               +--------+--------+--------+--------+--------+-----+--------+
         Total |   3268 |   3196 |     72 |    328 |   1830 |   5 |  653.6 |
       Dungeon |   3268 |   3196 |     72 |    328 |   1830 |   5 |  653.6 |
               +--------+--------+--------+--------+--------+-----+--------+

Top non-repeatable levels by time:
     D:2: 1479 daAuts
     D:1: 1012 daAuts
     D:3: 755 daAuts
     D:4: 15 daAuts
     D:5: 5 daAuts
